 Dungeon Crawl Stone Soup version 0.28-a0-233-gb8ca4b6547 (webtiles) character file.

Game seed: 5697944848378480862

159 bande the Covered (level 5, 30/33 HPs)
             Began as a Gargoyle Fighter on Aug 23, 2021.
             Quit the game on level 2 of the Dungeon.
             The game lasted 00:03:55 (2350 turns).

bande the Covered (Gargoyle Fighter)                Turns: 2350, Time: 00:03:55

Health: 30/33      AC: 15    Str: 22    XL:     5   Next: 40%
Magic:  5/5        EV:  4    Int: 10    God:
Gold:   67         SH:  8    Dex: 10    Spells: 4/4 levels left

rFire   . . .      SeeInvis .   a - +0 war axe
rCold   . . .      Faith    .   c - +0 kite shield
rNeg    + . .      Spirit   .   e - +0 plate armour
rPois   ∞          Reflect  .   (helmet restricted)
rElec   +          Harm     .   (no cloak)
rCorr   .          Rampage  .   (no gloves)
Will    .....                   (no boots)
Stlth   ..........              (no amulet)
HPRegen 0.11/turn               (no ring)
MPRegen 0.09/turn               (no ring)

@: slowed, very slow
A: sickness immunity, AC +4, negative energy resistance 1, electricity
resistance, torment resistance 1, petrification resistance, beak, clever 1,
deterioration 1, strong 1
a: no special abilities


You were on level 2 of the Dungeon.
You visited 1 branch of the dungeon, and saw 2 of its levels.

You collected 67 gold pieces.

Inventory:

Hand Weapons
 a - a +0 war axe (weapon)
 f - a +0 flail
Armour
 c - a +0 kite shield (worn)
 e - a +0 plate armour (worn)
Potions
 b - a potion of cancellation {unknown}
 d - 2 potions of might
 g - a potion of haste
 h - a potion of curing {unknown}


   Skills:
 + Level 3.8 Fighting
 + Level 3.6 Axes
 + Level 4.1 Armour
 + Level 0.1 Dodging
 + Level 4.0 Shields


You had 4 spell levels left.
You didn't know any spells.
Your spell library contained the following spells:

 Spells                   Type           Power      Damage    Failure   Level
 Foxfire                  Conj/Fire      0%         2x1d4     100%        1
 Conjure Flame            Conj/Fire      0%         6-21      100%        3
 Inner Flame              Hex/Fire       0%         N/A       100%        3
 Ozocubu's Armour         Ice            0%         N/A       100%        3
 Ozocubu's Refrigeration  Ice            0%         4d5       100%        7


Dungeon Overview and Level Annotations

Branches:
Dungeon (2/15)

Altars:


Innate Abilities, Weirdness & Mutations

You are immune to sickness and miasma.
Your stone body is resilient. (AC +4)
You are immune to poison.
You resist negative energy. (rN+)
You are resistant to electric shocks. (rElec)
You are resistant to unholy torment.
You are immune to petrification.
You have a beak for a mouth.
Your mind is acute. (Int +2)
Your body sometimes deteriorates upon taking damage.
Your muscles are strong. (Str +2)


Message History

No target in view!
No target in view!
No target in view!
Found a stone staircase leading up.
There is an open door here.
d - 2 potions of might (gained 1) Natasha, Servant of Life and Death comes into view.
Natasha claws you but does no damage.
You hit Natasha.
Natasha is lightly wounded.
Natasha claws you but does no damage.
You slash Natasha!
Natasha is almost dead.
Natasha barely misses you.
Natasha stares at you and mumbles some strange words.
You feel yourself slow down.
You closely miss Natasha.
Natasha is almost dead.
Natasha stares at you and mumbles some strange words.
The magic dart hits you. Natasha claws you but does no damage.
You hit Natasha but do no damage. Your bite misses Natasha.
Natasha is almost dead.
Natasha claws you. Natasha claws you but does no damage.
You hit Natasha.
You kill Natasha!
You feel Natasha's spirit has finally been put to rest.
No target in view!
No target in view!
No target in view!
No target in view!
No target in view!
Unknown command.
You see here a potion of mutation.
i - a potion of mutation Really quaff the potion of mutation?
You feel extremely strange.
Your teeth shrink and become duller.
Your teeth shrink to normal size.
Your mouth lengthens and hardens into a beak!
You feel yourself wasting away.
You feel clever.
You feel stronger.
Are you sure you want to abandon this character and quit the game? (Confirm with "yes".)

*,* *,*****##* *,,,,,,..#
######## #,*****#.# #......#
#.######.# #.####.##
#......#.##########.# #.#.
#......#.........##.# #.#.
#......#.........##.# #.#.
#......#..@......##.####.#.
#........................÷.
##.....#.####.#####'####+#.
#.....#.# #..............
#.....#.####.............#
###########..................#
#......).....###.............#
#.##########.#......##........
#.#.# #..............#####


There were no monsters in sight!

Vanquished Creatures
  Natasha (thrice) (D:2)
  4 gnolls
  An adder (D:2)
  6 endoplasms
  4 giant cockroaches
  4 hobgoblins
  2 quokkas (D:1)
  3 ball pythons (D:1)
  2 bats (D:1)
  3 frilled lizards
  4 goblins
  3 kobolds (D:1)
  A rat (D:1)
40 creatures vanquished.

Notes
Turn   | Place    | Note
-------+----------+-------------------------------------------
     0 | D:1      | bande the Gargoyle Fighter began the quest for the Orb.
     0 | D:1      | Reached XP level 1. HP: 14/14 MP: 1/1
   134 | D:1      | Reached XP level 2. HP: 13/19 MP: 2/2
   789 | D:1      | Reached XP level 3. HP: 23/23 MP: 3/3
  1014 | D:2      | Noticed Natasha
  1022 | D:2      | Killed Natasha
  1256 | D:2      | Reached XP level 4. HP: 19/29 MP: 4/4
  1715 | D:2      | Noticed Natasha
  1720 | D:2      | Killed Natasha
  1721 | D:2      | Reached XP level 5. HP: 32/33 MP: 5/5
  1928 | D:2      | Gained mutation: You have very sharp teeth. [potion of
                  | mutation]
  1928 | D:2      | Gained mutation: You have extremely sharp teeth. [potion of
                  | mutation]
  2338 | D:2      | Noticed Natasha
  2345 | D:2      | Killed Natasha
  2349 | D:2      | Lost mutation: You have extremely sharp teeth. [potion of
                  | mutation]
  2349 | D:2      | Lost mutation: You have very sharp teeth. [potion of
                  | mutation]
  2349 | D:2      | Gained mutation: You have a beak for a mouth. [potion of
                  | mutation]
  2349 | D:2      | Gained mutation: Your body sometimes deteriorates upon
                  | taking damage. [potion of mutation]
  2349 | D:2      | Gained mutation: Your mind is acute. (Int +2) [potion of
                  | mutation]
  2349 | D:2      | Gained mutation: Your muscles are strong. (Str +2) [potion
                  | of mutation]
  2350 | D:2      | Quit the game

Illustrated notes

Levels and vault maps discovered:
D:1:      giann_horns, layout_basic
D:2:      layout_basic, uniq_natasha

Skill      XL: |  1  2  3  4  5 |
---------------+----------------+-----
Axes           | 2 3 |  3.6
Armour         | 4 |  4.1
Shields        | 4 |  4.0
Fighting       | |  3.8
Dodging        | |  0.1

Action                   |  1- 3 |  4- 6 || total
-------------------------+-------+-------++-------
Melee: War axe           |    80 |    31 ||   111
  Use: Scroll            |     4 |     1 ||     5
       Potion            |       |     2 ||     2
Armor: Plate armour      |    86 |    26 ||   112
       Scale mail        |     1 |       ||     1
Dodge: Dodged            |     5 |     7 ||    12
Block: Kite shield       |    45 |    19 ||    64

Table legend: (Time is in decaauts)
 A = Elapsed time spent in this place.
 B = Non-inter-level travel time spent in this place.
 C = Inter-level travel time spent in this place.
 D = Time resting spent in this place.
 E = Time spent auto-exploring this place.
 F = Levels seen in this place.
 G = Mean time per level.
                   A        B        C        D        E       F      G
               +--------+--------+--------+--------+--------+-----+--------+
         Total |   2426 |   2426 |      0 |    728 |   1242 |   2 | 1213.0 |
       Dungeon |   2426 |   2426 |      0 |    728 |   1242 |   2 | 1213.0 |
               +--------+--------+--------+--------+--------+-----+--------+

Top non-repeatable levels by time:
     D:1: 1222 daAuts
     D:2: 1204 daAuts
